 Dungeon Crawl Stone Soup version 0.17.0-24-gcfadda4 (webtiles) character file.

123 vatarom the Ducker (level 4, 0/35 HPs)
             Began as a Draconian Transmuter on Nov 16, 2015.
             Was an Initiate of Makhleb.
             Killed themself with a badly aimed fireball (7 damage)
             ... on level 3 of the Dungeon.
             The game lasted 00:04:50 (2333 turns).

vatarom the Ducker (Draconian Transmuter)           Turns: 2333, Time: 00:04:50

Health: 0/35       AC:  5    Str: 12    XL:     4   Next: 80%
Magic:  5/7        EV: 13    Int: 14    God:    Makhleb [......]
Gold:   62         SH:  0    Dex: 12    Spells: 3 memorised, 1 level left

rFire  . . .     SeeInvis .       - Unarmed
rCold  . . .     Rnd*Rage +     (armour unavailable)
rNeg   . . .     SustAt   .     (no shield)
rPois  .         Gourm    .     (helmet restricted)
rElec  .         Spirit   .     (no cloak)
rCorr  .         Warding  .     (no gloves)
rMut   .         Stasis   .     (no boots)
MR     .....                    (no amulet)
Stlth  +.........               (no ring)
                                (no ring)

@: lethally poisoned (0 -> -10), exhausted, very slightly contaminated, slowed,
very slow, not resistant to hostile enchantments, very unstealthy
A: unfitting armour, berserk 1, blink, blurry vision 1, cold-blooded, AC +5
a: Blink, Renounce Religion


You were on level 3 of the Dungeon.
You worshipped Makhleb.
Makhleb was noncommittal.
You were not hungry.

You visited 1 branch of the dungeon, and saw 3 of its levels.

You collected 62 gold pieces.

Inventory:

Missiles
 a - 12 arrows
Armour
 e - a +0 pair of gloves
Wands
 j - a wand of fireball (7)
 k - a wand of fireball (3)
Scrolls
 h - a scroll of magic mapping
 i - a scroll of recharging {unknown}
 l - 3 scrolls of identify
Potions
 f - a potion of flight
Books
 b - a book of Changes

   Spells                             Type                      Level
   a - Beastly Appendage              Transmutation                1
   b - Sticks to Snakes               Transmutation                2
   c - Spider Form                    Transmutation/Poison         3
   d - Ice Form                       Ice/Transmutation            4
   e - Blade Hands                    Transmutation                5
Comestibles
 d - 2 fruits
 g - a slice of pizza


   Skills:
 - Level 1.1 Fighting
 * Level 4.1 Dodging
 - Level 3.0 Unarmed Combat
 - Level 2.0 Spellcasting
 + Level 3.0 Transmutations


You had one spell level left.
You knew the following spells:

 Your Spells              Type           Power        Failure   Level  Hunger
a - Beastly Appendage     Trmt           #.....       10%         1    ##.....
b - Sticks to Snakes      Trmt           #.........   12%         2    ###....
c - Spider Form           Trmt/Pois      #.........   38%         3    ####...


Dungeon Overview and Level Annotations

Branches:
Dungeon (3/15)

Altars:
Fedhas
Gozag
Makhleb
Nemelex Xobeh
Sif Muna
Trog
Vehumet


Innate Abilities, Weirdness & Mutations

Your plain brown scales are hard (AC +5).
Your body does not fit into most forms of armour.
You are cold-blooded and may be slowed by cold attacks.
You tend to lose your temper in combat.
You can translocate small distances at will.
Scrolls take you a little longer to read.


Message History

Evoke which item? (* to show all) (? for menu, Esc to quit)
You don't have any such object.
Evoke which item? (* to show all) (? for menu, Esc to quit)
You don't have any such object.
Evoke which item? (* to show all) (? for menu, Esc to quit)
Okay, then.
Evoke which item? (* to show all) (? for menu, Esc to quit)
Zapping:
k - a wand of fireball (3)
Press: ? - help, Shift-Dir - straight line, f/p - killer bee
Aim: a killer bee (heavily wounded) That beam is likely to hit you.
Continue anyway?
The fireball explodes!
The fireball engulfs the killer bee.
You kill the killer bee!
Makhleb accepts your kill.
Your Dodging skill increases to level 4!
Your Transmutations skill increases to level 3!
The fireball engulfs the killer bee.
The killer bee is severely wounded.
The fireball engulfs you!
You die...

#.... #.§y.y..####
#..>###y###.###
#...#.y.....###
#.#.#........
####...#........
#..y####..<..... .
#...# #.........
....##.†y####.########.
.......@..........#
....####.####.....#
+#######...# #.....#
.......#.#.# #.....#
####.....# #.....#
#.##.#.#.# #######
#######........#
.......<....#...#
........#.......#


You could see 2 killer bees.

Vanquished Creatures
  A killer bee (D:3)
  Ijyb (D:2)
  An adder (D:2)
  An ooze (D:1)
  A worm (D:2)
  A giant gecko (D:2)
  A ball python (D:2)
  A bat (D:2)
  9 hobgoblins
  2 jackals (D:2)
  11 kobolds
  3 giant cockroaches
  A giant newt (D:2)
  5 goblins (D:1)
  5 rats
44 creatures vanquished.

Notes
Turn   | Place    | Note
--------------------------------------------------------------
     0 | D:1      | vatarom the Draconian Transmuter began the quest for the Orb.
     0 | D:1      | Reached XP level 1. HP: 16/16 MP: 3/3
   129 | D:1      | Reached XP level 2. HP: 23/23 MP: 5/5
   514 | D:1      | Learned a level 2 spell: Sticks to Snakes
   935 | D:2      | Found a deep blue altar of Sif Muna.
   945 | D:2      | Found a blossoming altar of Fedhas.
  1082 | D:2      | Reached XP level 3. HP: 28/28 MP: 4/6
  1087 | D:2      | Learned a level 3 spell: Spider Form
  1118 | D:2      | Found a bloodstained altar of Trog.
  1367 | D:2      | Noticed Ijyb
  1411 | D:2      | Killed Ijyb
  1750 | D:2      | Reached XP level 4. HP: 32/35 MP: 7/7
  1796 | D:2      | Found a burning altar of Makhleb.
  1800 | D:2      | Found a radiant altar of Vehumet.
  1859 | D:2      | Found a sparkling altar of Nemelex Xobeh.
  1882 | D:2      | Found an opulent altar of Gozag.
  1941 | D:2      | Became a worshipper of Makhleb the Destroyer
  2106 | D:2      | Gained mutation: You can translocate small distances at will. [potion of mutation]
  2106 | D:2      | Gained mutation: You tend to lose your temper in combat. [potion of mutation]
  2106 | D:2      | Gained mutation: Scrolls take you a little longer to read. [potion of mutation]
  2333 | D:3      | Reached skill level 4 in Dodging
  2333 | D:3      | Killed themself with a badly aimed fireball

Action                   |  1- 3 |  4- 6 || total
-------------------------+-------+-------++-------
Melee: Unarmed           |   147 |    52 ||   199
 Cast: Beastly Appendage |    11 |     3 ||    14
       Spider Form       |     1 |       ||     1
 Abil: Blink             |       |     2 ||     2
Evoke: Wand              |     1 |     1 ||     2
  Use: Scroll            |     2 |     1 ||     3
       Potion            |     1 |     2 ||     3
  Eat: Bread ration      |     1 |     1 ||     2
